 Dungeon Crawl Stone Soup version 0.22.1-1-ga44c0e56f4 (webtiles) character file.

3838 Eralyen the Basher (level 10, -2/65 HPs)
             Began as a Gargoyle Berserker on Oct 2, 2018.
             Was an Elder of Trog.
             Shot with a bolt by something (5 damage)
             ... on level 9 of the Dungeon.
             The game lasted 00:37:18 (8104 turns).

Eralyen the Basher (Gargoyle Berserker)             Turns: 8104, Time: 00:37:18

Health: -2/65      AC: 18    Str: 25    XL:     10   Next: 18%
Magic:  10/10      EV:  9    Int:  7    God:    Trog [****..]
Gold:   397        SH:  0    Dex:  9    Spells: 9/9 levels left

rFire    . . .     SeeInvis .   z - +1 flail (holy)
rCold    . . .     Gourm    +   (no shield)
rNeg     + . .     Faith    .   E - +0 chain mail (curse)
rPois    ∞         Spirit   .   (no helmet)
rElec    +         Reflect  .   (no cloak)
rCorr    +         Harm     .   (no gloves)
MR       .....                  (no boots)
Stlth    ..........             D - amulet of the gourmand
HPRegen  0.20/turn              u - +1 ring of protection
MPRegen  0.12/turn              l - ring of resist corrosion

@: no status effects
A: negative energy resistance 1, electricity resistance, unbreathing,
petrification resistance, rot immunity, AC +7
a: Berserk, Trog's Hand, Brothers in Arms, Renounce Religion


You were on level 9 of the Dungeon.
You worshipped Trog.
Trog was greatly pleased with you.
You were not hungry.

You visited 1 branch of the dungeon, and saw 9 of its levels.
You also visited: Sewer.

You collected 397 gold pieces.

Inventory:

Hand Weapons
 z - a +1 flail of holy wrath (weapon)
 B - a +2 dire flail of protection
Missiles
 v - 4 tomahawks (quivered)
Armour
 E - a cursed +0 chain mail (worn)
Jewellery
 l - a ring of resist corrosion (right hand)
 s - an uncursed ring of positive energy
 t - an uncursed ring of ice
 u - a +1 ring of protection (left hand)
 A - an uncursed ring of stealth
 C - an uncursed ring of magical power
 D - an amulet of the gourmand (around neck)
Wands
 b - a wand of digging (5)
 m - a wand of disintegration (10)
 r - a wand of iceblast (11)
 H - a wand of flame (29)
Scrolls
 a - a scroll of identify
 f - 2 scrolls of enchant armour
 g - 4 scrolls of remove curse
 h - a scroll of fear
 i - 2 scrolls of noise
 p - 4 scrolls of teleportation
 y - a scroll of blinking {unknown}
 G - a scroll of fog {unknown}
Potions
 d - a potion of lignification {unknown}
 e - 2 potions of curing {unknown}
 j - a potion of resistance {unknown}
 k - 4 potions of degeneration {unknown}
 n - 4 potions of heal wounds {unknown}
 o - a potion of might {unknown}
 q - a potion of agility {unknown}
 w - a potion of berserk rage {unknown}
 x - 2 potions of magic {unknown}
 F - a potion of ambrosia {unknown}
Comestibles
 c - 23 rations


   Skills:
 + Level 8.6 Fighting
 + Level 11.5 Maces & Flails
 + Level 1.3 Throwing
 + Level 5.4 Armour
 - Level 1.5 Dodging


You had 9 spell levels left.
You didn't know any spells.
Your spell library was empty.

Dungeon Overview and Level Annotations

Branches:
Dungeon (9/15)             Temple (0/1) D:5             Orc (0/2) D:9
   Lair: D:8-11

Altars:
Elyvilon
Fedhas
Gozag
Sif Muna
Trog
Wu Jian
Zin
The Shining One

Shops:
D:4 *

Annotations:
D:4 3 runed doors, exclusion: 3 doors, raetorn's ghost, amateur DgCj


Innate Abilities, Weirdness & Mutations

You are resistant to torment.
Your stone body is resilient. (AC +7)
You are immune to poison.
You resist negative energy. (rN+)
You are resistant to electric shocks. (rElec)
You can survive without breathing.
You are immune to petrification.
You are immune to rotting.


Message History

The vampire is almost destroyed.
The vampire mumbles some strange words.
The vampire flickers and vanishes!
Deactivating autopickup; reactivate with Ctrl-A.
You miss something.
You hear a shout!
Something hits you but does no damage. Something bites you but does no damage.
You hear a screech!
You hear a shout!
You hear an angry hiss.
You hear a thunk.
A bolt appears from out of thin air!
The bolt hits you.
* * * LOW HITPOINT WARNING * * *
The bolt burns you.
* * * LOW HITPOINT WARNING * * *
You hear a shout!
You see here a bolt.
You hear a thunk.
A bolt appears from out of thin air!
The bolt hits you!
* * * LOW HITPOINT WARNING * * *
The bolt burns you.
You die...

#.>.######.
##..........#.#.
###.######..#.#. ....#
...... ##### .....##
.§# # #>...# #.. #
#....## ..# # #.....#
##.. ## #...@.## #..#
.# #.#....###.. .##
#.#..#.##..####### ..#
#.#...(.#.........
#.####
#...#.#.#[...c....
#....##
##..#...)#.##.####
####..# #...#...##.#
.o
##.#########...#...#.#
c..
#........##.#.....##.
".


There were no monsters in sight!

Vanquished Creatures
  Edmund (D:5)
  A two-headed ogre zombie (D:9)
  An acid dragon (D:9)
  A black bear (D:9)
  3 ice beasts
  3 eyes of draining
  3 phantoms
  5 ogres
  3 centaurs
  2 big kobolds
  5 bullfrogs
  A scorpion (D:4)
  2 howler monkeys (D:7)
  3 crimson imps
  2 bullfrog zombies
  2 jellies
  An orc priest (D:6)
  A hound (D:6)
  An orc wizard (D:5)
  A bullfrog skeleton (D:7)
  2 iguanas
  5 worker ants
  A killer bee zombie (D:7)
  3 ogre zombies (D:9)
  A worker ant zombie (D:8)
  9 gnolls
  A howler monkey skeleton (D:7)
  4 river rats
  7 adders
  A shadow imp (D:9)
  An adder skeleton (D:6)
  6 worms
  3 dart slugs
  4 leopard geckos
  19 orcs
  7 ball pythons
  6 bats
  4 giant cockroaches
  5 goblins
  6 hobgoblins
  13 jackals
  7 quokkas
  8 frilled lizards
  A goblin skeleton (D:9)
  2 goblin zombies (D:9)
  A hobgoblin skeleton (D:9)
  4 hobgoblin zombies (D:9)
  A jackal skeleton (D:4)
  10 kobolds
  5 orc zombies (D:9)
  A quokka skeleton (D:6)
  9 rats
199 creatures vanquished.

Vanquished Creatures (collateral kills)
  Prince Ribbit (D:8)
  A wraith (D:9)
  2 hungry ghosts (D:9)
  A centaur (D:9)
  4 ogre zombies (D:9)
  A goblin skeleton (D:9)
  2 hobgoblin skeletons (D:9)
  2 hobgoblin zombies (D:9)
  An orc skeleton (D:9)
  6 orc zombies (D:9)
21 creatures vanquished.

Grand Total: 220 creatures vanquished

Notes
Turn   | Place    | Note
-------+----------+-------------------------------------------
     0 | D:1      | Eralyen the Gargoyle Berserker began the quest for the Orb.
     0 | D:1      | Reached XP level 1. HP: 14/14 MP: 1/1
   224 | D:1      | Reached XP level 2. HP: 17/19 MP: 2/2
   522 | D:1      | Reached XP level 3. HP: 24/24 MP: 3/3
  1210 | D:2      | Reached ** piety under Trog
  1249 | D:2      | Reached skill level 4 in Maces & Flails
  1252 | D:2      | Reached XP level 4. HP: 11/29 MP: 4/4
  2605 | D:4      | Reached XP level 5. HP: 16/34 MP: 5/5
  2803 | D:4      | Noticed an ogre
  2808 | D:4      | Killed an ogre
  2808 | D:4      | Reached skill level 5 in Maces & Flails
  2973 | D:4      | Found a runed gate.
  2974 | D:4      | Found a runed gate.
  2974 | D:4      | Found an opulent altar of Gozag.
  2975 | D:4      | Found a runed gate.
  2977 | D:4      | Noticed raetorn's ghost (amateur DgCj)
  3013 | D:4      | Reached skill level 5 in Fighting
  3013 | D:4      | Reached XP level 6. HP: 29/40 MP: 6/6
  3301 | D:4      | Found Zin's Purification Station.
  3302 | D:4      | Found a glowing silver altar of Zin.
  3739 | D:4      | Reached skill level 6 in Maces & Flails
  3743 | D:4      | Found an ornate altar of the Wu Jian Council.
  3864 | D:5      | Entered Level 5 of the Dungeon
  3923 | D:5      | Found a glowing drain.
  3979 | Sewer    | Entered a sewer
  4001 | Sewer    | Reached *** piety under Trog
  4480 | D:5      | Reached XP level 7. HP: 32/44 MP: 7/7
  4766 | D:5      | Found a glowing golden altar of the Shining One.
  4766 | D:5      | Found a white marble altar of Elyvilon.
  4796 | D:5      | Reached skill level 7 in Maces & Flails
  4893 | D:5      | Found a staircase to the Ecumenical Temple.
  4969 | D:5      | Noticed Edmund
  4992 | D:5      | Killed Edmund
  4992 | D:5      | Reached skill level 1 in Throwing
  5076 | D:5      | Reached XP level 8. HP: 50/51 MP: 8/8
  5367 | D:5      | Found a bloodstained altar of Trog.
  5379 | D:5      | Received a gift from Trog
  5379 | D:5      | Reached skill level 8 in Maces & Flails
  6003 | D:6      | Reached skill level 9 in Maces & Flails
  6114 | D:6      | Found a deep blue altar of Sif Muna.
  6316 | D:7      | Reached XP level 9. HP: 49/57 MP: 9/9
  6329 | D:7      | Reached **** piety under Trog
  6736 | D:7      | Found a blossoming altar of Fedhas.
  6760 | D:7      | Reached skill level 10 in Maces & Flails
  7290 | D:8      | Noticed Prince Ribbit
  7311 | D:8      | Killed Prince Ribbit
  7788 | D:9      | Reached skill level 11 in Maces & Flails
  7846 | D:9      | Found a staircase to the Orcish Mines.
  7863 | D:9      | Reached skill level 5 in Armour
  7863 | D:9      | Reached XP level 10. HP: 60/64 MP: 10/10
  8104 | D:9      | HP: 3/65 [something (10)]
  8104 | D:9      | Shot with a bolt by something

Skill      XL: |  1  2  3  4  5  6  7  8  9 |
---------------+----------------------------+-----
Maces & Flails | 4 5 6 7 9 11 | 11.5
Fighting       | 4 5 6 7 8 |  8.6
Throwing       | 1 |  1.3
Armour         | 3 5 |  5.4
Dodging        | |  1.5

Action                   |  1- 3 |  4- 6 |  7- 9 | 10-12 || total
-------------------------+-------+-------+-------+-------++-------
Melee: Mace              |   122 |   235 |    50 |       ||   407
       Dire flail        |       |       |   276 |       ||   276
       Flail             |       |       |     7 |    49 ||    56
Throw: Tomahawk          |       |     5 |     4 |       ||     9
Invok: Berserk           |       |     1 |     3 |       ||     4
       Trog's Hand       |       |     1 |       |       ||     1
       Brothers in Arms  |       |       |     2 |       ||     2
  Use: Scroll            |       |     6 |       |       ||     6
 Stab: Sleeping          |     1 |     1 |       |       ||     2
  Eat: Chunk             |     1 |    12 |    13 |     4 ||    30
       Ration            |       |       |     2 |       ||     2
Armor: Animal skin       |    40 |    57 |    11 |       ||   108
       Chain mail        |       |       |   135 |    20 ||   155
Dodge: Dodged            |    78 |   148 |    88 |    16 ||   330
